Map: Ultralove

Players

Etherodox

  • Race: Zerg Zerg
  • League: Master
  • Spawn Location: 1:00

Denver - Winner!

  • Race: Terran Terran
  • League: Diamond
  • Spawn Location: 7:00

VOD

Have the link to the VOD?

Description

Time

  • Played on: Oct. 18, 2025, 3:37 p.m.
  • Length: 17:17
Show
View Real Time Build Order
Export as new Build Order

Etherodox Zerg 

Build Orders: Pool First, Lurkers 

Get SALT Encoding   

  12  0:02  Drone  
  13  0:14  Overlord  
  13  0:26  Drone  
  14  0:34  Drone x2  
  16  0:42  Spawning Pool  
  15  0:45  Extractor  
  14  0:52  Drone x2  
  16  1:05  Drone  
  17  1:25  Hatchery  
  16  1:28  Zergling x4  
  18  1:39  Queen  
  20  1:47  Zergling x4  
  22  1:54  Metabolic Boost  
  22  2:02  Overlord  
  22  2:25  Overlord  
  22  2:28  Drone x2  
  23  2:50  Baneling Nest  
  22  2:52  Queen  
  22  2:53  Drone x4  
  28  2:59  Overlord  
  28  3:07  Overlord  
  28  3:11  Drone x2  
  30  3:16  Zergling x4  
  32  3:37  Drone  
  32  3:38  Drone x5  
  36  3:56  Zergling x4  
  36  3:57  Zergling x2  
  38  4:03  Drone x3  
  41  4:26  Drone x4  
  41  4:30  Lair  
  44  4:39  Hatchery  
  42  4:51  Zergling x12  
  47  4:57  Zergling x2  
  47  5:17  Queen  
  47  5:18  Drone x4  
  47  5:20  Overlord x2  
  49  5:39  Hatchery  
  49  5:40  Zergling x8  
  48  5:47  Evolution Chamber x2  
  46  5:51  Roach Warren  
  46  5:54  Spine Crawler  
  46  5:55  Zergling x12  
  50  6:00  Queen  
  52  6:04  Spire  
  52  6:05  Extractor, Drone x4  
  54  6:16  Drone x3  
  57  6:25  Drone x5  
  57  6:32  Drone x2  
  64  6:33  Queen  
  64  6:38  Extractor  
  64  6:39  Extractor  
  62  6:57  Drone x12  
  62  6:59  Queen  
  76  7:18  Extractor x2  
  66  7:36  Mutalisk x3  
  66  7:37  Mutalisk x3  
  76  7:47  Mutalisk  
  76  7:48  Zergling x2  
  76  7:49  Zergling x6, Overlord  
  76  7:50  Overlord x8  
  80  8:00  Zerg Melee Weapons Level 1  
  80  8:07  Queen  
  82  8:21  Drone x12  
  90  8:38  Drone x6  
  94  8:51  Zergling x14  
  94  8:54  Queen  
  101  8:59  Zergling x6  
  102  9:03  Infestation Pit  
  101  9:20  Spine Crawler  
  101  9:21  Extractor  
  101  9:22  Extractor  
  101  9:23  Spine Crawler  
  97  9:24  Spine Crawler  
  97  9:25  Spine Crawler  
  97  9:28  Spine Crawler  
  97  9:29  Spine Crawler  
  97  9:30  Spine Crawler  
  86  9:38  Zergling x6  
  77  9:46  Zergling x26  
  77  9:50  Zergling x6  
  89  9:55  Overlord  
  84  10:09  Zergling x14  
  91  10:21  Queen  
  91  10:23  Hive  
  91  10:25  Overlord x2  
  91  10:26  Overlord  
  91  10:27  Drone x4  
  95  10:36  Spine Crawler  
  95  10:37  Spine Crawler  
  95  10:40  Spine Crawler  
  92  10:51  Infestor, Overlord x3  
  92  10:52  Infestor x5  
  97  11:12  Hydralisk Den  
  97  11:15  Overlord x2  
  96  11:21  Drone x13  
  109  11:34  Hatchery  
  109  11:35  Overlord  
  109  11:38  Infestor x2  
  109  11:39  Hatchery  
  102  12:01  Hydralisk x11  
  102  12:02  Hydralisk x2  
  121  12:24  Hydralisk x6  
  125  12:30  Lurker Den  
  116  12:44  Hydralisk  
  116  12:45  Hydralisk x3  
  120  12:52  Hatchery  
  102  13:01  Hydralisk x5  
  108  13:28  Hatchery, Lurker x3  
  108  13:29  Lurker x2  
  108  13:32  Seismic Spines  
  112  13:36  Hydralisk x4  
  112  13:38  Overlord x5  
  120  13:43  Spine Crawler  
  120  13:44  Extractor  
  120  13:45  Extractor  
  109  14:15  Lurker x5  
  104  14:22  Zergling x16  
  112  14:25  Queen  
  112  14:28  Drone x3  
  119  14:45  Extractor  
  118  14:48  Extractor  
  118  14:51  Zergling x6  
  113  14:54  Hydralisk x3, Roach  
  113  14:55  Roach x3  
  98  15:21  Hydralisk x14  
  124  15:35  Infestor x2  
  124  15:37  Hydralisk x3  
  134  15:43  Drone  
  134  15:44  Drone x2  
  73  16:27  Hydralisk x4  
  73  16:28  Hydralisk x6  
  89  16:47  Hydralisk  
  87  16:55  Ultralisk Cavern  
Show
View Real Time Build Order
Export as new Build Order

Denver Terran - Winner!

Build Orders: 2 Factory 

Get SALT Encoding   

  12  0:00  SCV  
  13  0:13  SCV  
  14  0:18  Supply Depot  
  14  0:25  SCV  
  15  0:40  SCV  
  15  0:41  Barracks  
  16  0:44  Refinery  
  16  0:52  SCV  
  17  0:57  Refinery  
  18  1:04  SCV  
  18  1:16  SCV  
  19  1:28  SCV, Marine  
  19  1:29  Supply Depot  
  21  1:36  Factory  
  21  1:40  SCV  
  22  1:52  SCV  
  23  2:04  SCV  
  23  2:05  Marine  
  25  2:21  Hellion  
  26  2:32  SCV  
  26  2:36  Factory  
  27  2:42  Factory Tech Lab  
  27  2:46  SCV  
  28  2:53  Command Center  
  28  3:00  Supply Depot  
  28  3:04  Cyclone  
  31  3:08  Supply Depot  
  31  3:21  SCV  
  31  3:22  Marine  
  33  3:32  Hellion  
  33  3:37  Hellion  
  30  4:02  Factory Reactor  
  28  4:03  Infernal Pre-Igniter  
  28  4:05  Orbital Command  
  28  4:19  Bunker  
  28  4:36  Hellion  
  26  4:53  Hellion x2  
  26  4:57  Hellion  
  32  5:11  SCV  
  32  5:13  Marine  
  32  5:14  Hellion x2  
  34  5:31  Marine  
  35  5:47  SCV  
  35  5:49  Marine  
  41  5:57  Hellion x2  
  41  5:58  Cyclone  
  41  5:59  SCV  
  41  6:02  Bunker  
  45  6:07  Marine  
  46  6:11  SCV  
  46  6:18  Supply Depot  
  47  6:19  Supply Depot, SCV  
  47  6:24  Hellion x2  
  52  6:33  Factory x2  
  52  6:35  Orbital Command  
  52  6:44  Supply Depot  
  52  6:47  SCV  
  53  6:52  Mag-Field Accelerator  
  53  6:55  Hellion  
  53  6:56  Hellion  
  57  7:05  Refinery  
  57  7:08  Refinery  
  57  7:12  Cyclone  
  54  7:39  Hellion, Factory Tech Lab  
  54  7:40  Factory Tech Lab  
  56  7:45  Cyclone  
  56  7:50  Hellion, SCV x2  
  63  8:00  Armory  
  63  8:02  SCV x2  
  63  8:04  Armory  
  63  8:05  Cyclone  
  65  8:14  SCV x2  
  65  8:17  Cyclone  
  68  8:21  Engineering Bay  
  68  8:26  SCV  
  67  8:37  Cyclone x2  
  73  8:45  Factory  
  68  8:49  Cyclone  
  71  8:56  Terran Vehicle Weapons Level 1  
  71  8:57  Terran Vehicle And Ship Armor Level 1  
  71  8:58  Command Center  
  71  9:04  Missile Turret  
  71  9:08  Missile Turret, SCV x2  
  73  9:20  Hellion, SCV x2  
  75  9:32  SCV  
  56  9:46  Hellion x2, Cyclone x2  
  56  9:47  Hellion  
  66  10:08  Hellion, Cyclone  
  66  10:09  Hellion, SCV x3  
  73  10:18  Cyclone x2  
  69  10:30  Hellion  
  71  10:37  Hellion  
  71  10:40  Cyclone  
  76  10:50  Cyclone x2  
  76  10:52  SCV x2  
  84  11:01  Hellion x5  
  84  11:04  SCV x2  
  84  11:08  Planetary Fortress  
  86  11:12  Hellion x2, Cyclone  
  86  11:16  SCV x2  
  95  11:22  Hellion  
  95  11:25  Neosteel Armor  
  97  11:28  SCV x2  
  99  11:32  Refinery  
  99  11:35  Hellion  
  101  11:53  Hellion  
  101  11:55  SCV  
  99  12:13  Cyclone  
  97  12:23  Hellbat, Cyclone, Hellion  
  97  12:28  Cyclone  
  100  12:36  Command Center  
  100  12:40  Command Center  
  100  12:43  Hellion x5  
  100  12:50  Hellion  
  100  12:52  Cyclone  
  100  12:55  Hellion  
  100  12:56  Cyclone  
  94  13:00  Hellion  
  96  13:06  SCV x2  
  96  13:07  SCV  
  96  13:08  Refinery  
  96  13:12  Hellion  
  101  13:14  Missile Turret  
  101  13:18  Terran Vehicle Weapons Level 2  
  101  13:19  Terran Vehicle And Ship Armor Level 2  
  101  13:24  Supply Depot  
  101  13:27  Supply Depot  
  101  13:39  Factory  
  101  13:46  Hellion x2, Cyclone  
  101  13:47  Cyclone x2  
  114  13:50  Factory Tech Lab  
  112  14:08  Hellion  
  107  14:17  Hellion, Cyclone  
  109  14:18  Cyclone  
  109  14:19  Cyclone x2  
  109  14:24  SCV x3  
  121  14:28  Factory Tech Lab  
  121  14:29  Hellion  
  123  14:36  SCV x3  
  123  14:37  Missile Turret, Hellion x7  
  128  14:38  Hellion  
  128  14:48  SCV x3  
  128  14:49  Cyclone  
  128  14:50  Cyclone  
  128  14:52  Cyclone x2  
  141  15:00  SCV x2  
  122  15:15  Hellion x2, Cyclone  
  122  15:18  Planetary Fortress  
  122  15:21  Cyclone  
  118  15:22  Refinery  
  118  15:23  Refinery, Hellion  
  118  15:24  Hellion, Cyclone  
  125  15:29  SCV x3  
  125  15:31  Planetary Fortress  
  128  15:36  Hellion  
  128  15:37  Hellion  
  128  15:41  SCV x2  
  134  15:44  Cyclone  
  134  15:45  Cyclone  
  140  15:56  Command Center  
  120  16:18  Hellion x4, Cyclone x3  
  122  16:27  SCV x4  
  126  16:39  Hellion, SCV x3  
  129  16:41  Hellion, Cyclone  
  129  16:42  Hellion  
Tags
 
Composition
Lurkers
Matchup
TvZ
Spawn Locations
Cross Positions
Add a new tag
Caveats
  • Supply blocks, unpowered buildings, or Contaminate may cause inaccurate times.
  • Supply counts are checked every 10 seconds.